 Dungeon Crawl Stone Soup version 0.18-b1-14-g029dad2 (webtiles) character file.

56 kaze the Ducker (level 3, 0/36 HPs)
             Began as a Troll Fighter on Apr 30, 2016.
             Was a Follower of Okawaru.
             Succumbed to a kobold's poison
             ... on level 3 of the Dungeon.
             The game lasted 00:02:05 (1235 turns).

kaze the Ducker (Troll Fighter)                     Turns: 1235, Time: 00:02:05

Health: 0/36       AC:  5    Str: 25    XL:     3   Next: 69%
Magic:  2/2        EV:  8    Int:  4    God:    Okawaru [*.....]
Gold:   71         SH:  9    Dex:  9    Spells: 0 memorised, 2 levels left

rFire  . . .     SeeInvis .     j - +0 spear
rCold  . . .     Gourm    +     a - +0 robe
rNeg   + . .     Faith    .     b - +0 shield
rPois  .         Spirit   .     (helmet restricted)
rElec  .         Dismiss  .     (no cloak)
rCorr  .         Reflect  .     (gloves unavailable)
SustAt .         Harm     .     (boots unavailable)
MR     .....                    (no amulet)
Stlth  +.........               (no ring)
                                l - ring of positive energy

@: lethally poisoned (0 -> -4), not resistant to hostile enchantments, very
unstealthy
A: unfitting armour, claws 3, fast metabolism 3, gourmand, regeneration 2,
shaggy fur 1, tough skin 2
a: Heroism, Renounce Religion


You were on level 3 of the Dungeon.
You worshipped Okawaru.
Okawaru was aware of your devotion.
You were not hungry.

You visited 1 branch of the dungeon, and saw 3 of its levels.

You collected 71 gold pieces.

Inventory:

Hand Weapons
 j - a +0 spear (weapon)
Missiles
 i - 20 bolts
 r - 30 sling bullets
Armour
 a - a +0 robe (worn)
 b - a +0 shield (worn)
Jewellery
 l - a ring of positive energy (left claw)
Scrolls
 h - 2 scrolls of identify {unknown}
 m - a scroll of blinking {unknown}
 o - a scroll of amnesia {unknown}
Potions
 c - a potion of might
 e - 2 potions of heal wounds {unknown}
 g - 2 potions of lignification {unknown}
 k - a potion of curing {unknown}
 n - a potion of agility {unknown}
Books
 q - a book of Conjurations

   Spells                             Type                      Level
   a - Magic Dart                     Conjuration                  1
   b - Searing Ray                    Conjuration                  2
   c - Dazzling Spray                 Conjuration/Hexes            3
   d - Fulminant Prism                Conjuration/Hexes            4
   e - Iskenderun's Mystic Blast      Conjuration                  4
   f - Iskenderun's Battlesphere      Conjuration/Charms           5
Comestibles
 d - 3 bread rations
 f - 4 meat rations
 p - a slice of pizza


   Skills:
 + Level 2.7 Fighting
 + Level 3.1 Dodging
 + Level 3.0 Shields
 + Level 2.1 Unarmed Combat


You had 2 spell levels left.
You didn't know any spells.

Dungeon Overview and Level Annotations

Branches:
Dungeon (3/15)

Altars:
Okawaru
Qazlal


Innate Abilities, Weirdness & Mutations

You are too large for most types of armour.
You have claws for hands.
Your metabolism is lightning-fast.
You like to eat raw meat.
You heal very quickly.
You are covered in fur (AC +1).
You have very tough skin (AC +2).


Message History

* * * LOW HITPOINT WARNING * * *
You feel sick. You block the kobold's attack.
You closely miss the kobold.
* * * LOW HITPOINT WARNING * * *
You feel sick. You block the kobold's attack.
You hit the kobold.
You kill the kobold!
Okawaru accepts your kill.
* * * LOW HITPOINT WARNING * * *
You feel sick.
* * * LOW HITPOINT WARNING * * *
You feel sick.
Things that are here:
a whip of venom; a kobold corpse; a jackal corpse
There is a lethal amount of poison in your body!
There is a lethal amount of poison in your body!
There is a lethal amount of poison in your body!
There is a lethal amount of poison in your body!
There is a lethal amount of poison in your body!
You die...

.......%
...... .....
♣...♣ ♣♣...♣♣
♣♣♣.....♣♣♣♣♣#
#.......$.....
#....†).#
#.....@.#
#...<...#
#########


There were no monsters in sight!

Vanquished Creatures
  An adder (D:3)
  A worm (D:2)
  A giant gecko (D:1)
  A giant cockroach (D:1)
  8 goblins
  5 hobgoblins
  5 jackals
  A quokka (D:2)
  3 bats (D:1)
  A giant newt (D:2)
  7 kobolds
  4 rats
38 creatures vanquished.

Notes
Turn   | Place    | Note
--------------------------------------------------------------
     0 | D:1      | kaze the Troll Fighter began the quest for the Orb.
     0 | D:1      | Reached XP level 1. HP: 22/22 MP: 0/0
   212 | D:1      | Reached XP level 2. HP: 29/29 MP: 1/1
   718 | D:2      | Reached XP level 3. HP: 36/36 MP: 2/2
   778 | D:2      | Found a faded altar to an unknown god.
   786 | D:2      | Became a worshipper of Warmaster Okawaru
   786 | D:2      | Reached * piety under Okawaru
   843 | D:2      | Found a stormy altar of Qazlal.
  1234 | D:3      | HP: 1/36 [poisoned by a kobold]
  1235 | D:3      | Succumbed to a kobold's poison

Skill      XL: |  1  2  3 |
---------------+----------+-----
Shields        | 3 |  3.0
Dodging        | 3 |  3.1
Fighting       | |  2.7
Unarmed Combat | |  2.1

Action                   || total
-------------------------++-------
Melee: Unarmed           ||    25
       Spear             ||   121
  Eat: Chunk             ||     9
Armor: Robe              ||    31
Dodge: Dodged            ||    36
Block: Shield            ||    73
